 Dungeon Crawl Stone Soup version 0.25.1-2-g60ff931df9 (webtiles) character file.

Game seed: 15865106990307383482

270 Chiseanne the Skirmisher (level 6, -2/49 HPs)
             Began as a Demonspawn Wanderer on Oct 1, 2020.
             Was an Initiate of Gozag.
             Slain by Grinder (4 damage)
             ... on level 3 of the Dungeon.
             The game lasted 00:06:15 (1934 turns).

Chiseanne the Skirmisher (Demonspawn Wanderer)      Turns: 1934, Time: 00:06:16

Health: -2/49      AC:  9    Str: 14    XL:     6   Next: 1%
Magic:  6/6        EV:  9    Int: 12    God:    Gozag
Gold:   76         SH: 13    Dex: 14    Spells: 5/5 levels left

rFire    . . .     SeeInvis .   a - +1 short sword (elec)
rCold    . . .     Gourm    .   l - +0 kite shield
rNeg     . . .     Faith    .   f - +0 ring mail (curse)
rPois    .         Spirit   .   k - +0 helmet
rElec    .         Reflect  +   m - +0 cloak
rCorr    .         Harm     .   (no gloves)
MR       .....                  (no boots)
Stlth    +.........             g - amulet of reflection
HPRegen  0.16/turn              (no ring)
MPRegen  0.10/turn              (no ring)

@: mighty
A: talons 1, icy blue scales 1, powered by death 1, powered by pain 1
a: Potion Petition, Call Merchant, Bribe Branch, Renounce Religion


You were on level 3 of the Dungeon.
You worshipped Gozag.
Gozag was noncommittal.
You were not hungry.

You visited 1 branch of the dungeon, and saw 3 of its levels.

You collected 104 gold pieces.
You paid 28 gold pieces to Gozag.

Inventory:

Hand Weapons
 a - a +1 short sword of electrocution (weapon)
Armour
 f - a cursed +0 ring mail (worn)
 k - a +0 helmet (worn)
 l - a +0 kite shield (worn)
 m - a +0 cloak (worn)
Jewellery
 g - an amulet of reflection (around neck)
 h - an uncursed ring of positive energy {unknown}
Wands
 e - a wand of random effects (19)
Scrolls
 c - a scroll of enchant armour {unknown}
 i - 2 scrolls of identify {unknown}
 n - a scroll of fear {unknown}
 o - a scroll of remove curse {unknown}
Potions
 b - 3 potions of curing
Comestibles
 d - 3 rations


   Skills:
 * Level 4.3 Fighting
 * Level 2.4 Armour
 * Level 3.4 Dodging
 - Level 1.0 Stealth
 * Level 2.3 Shields
   Level 3.0 Summonings


You had 5 spell levels left.
You didn't know any spells.
Your spell library was empty.

Dungeon Overview and Level Annotations

Branches:
Dungeon (3/15)

Altars:
Gozag
Qazlal

Annotations:
D:3 Grinder


Innate Abilities, Weirdness & Mutations

You have sharp toenails.
You are partially covered in icy blue scales. (AC +2)
You regenerate a little health from kills.
You sometimes gain a little power by taking damage.


Message History

Grinder gestures at you. Pain shoots through your body!
You focus on the pain.
You feel very mighty all of a sudden.
You closely miss Grinder. Grinder gestures at you.
Pain shoots through your body!
* * * LOW HITPOINT WARNING * * *
You closely miss Grinder. You block Grinder's attack.
Grinder says, "You look like you could use a good racking."
You block Grinder's attack.
You puncture Grinder! Your kick misses Grinder.
Grinder is moderately wounded.
You block Grinder's attack.
You hit Grinder.
Grinder is heavily wounded.
Grinder hits you.
* * * LOW HITPOINT WARNING * * *
You writhe in agony.
You die...
Your body crumbles into a pile of gold.

##########
#........#
###........#
###..........#
....#........#
.########.##########
.# #.#####....# .#
##.#.[....##
.#######........@5#
................#..#
..###.#.#.#.######.#
........#...#### ...
#.#............# ...
#..............#
.....
##.............#
.... #.............#
....
###......<...###


You could see Grinder.

Vanquished Creatures
  Sigmund (D:3)
  Terence (D:2)
  A gnoll (D:1)
  2 adders (D:3)
  3 dart slugs
  2 leopard geckos
  2 orcs (D:3)
  A giant cockroach (D:1)
  10 goblins
  6 hobgoblins
  9 kobolds
  A quokka (D:3)
  A ball python (D:1)
  2 bats
  2 frilled lizards
  5 rats
49 creatures vanquished.

Notes
Turn   | Place    | Note
-------+----------+-------------------------------------------
     0 | D:1      | Chiseanne the Demonspawn Wanderer began the quest for the
                  | Orb.
     0 | D:1      | Chiseanne set off with the following items: a +2 spear, 2
                  | potions of curing, a +0 robe, a ration
     0 | D:1      | Reached XP level 1. HP: 18/18 MP: 1/1
   118 | D:1      | Gained mutation: You sometimes gain a little power by
                  | taking damage. [demonic ancestry]
   118 | D:1      | Reached XP level 2. HP: 24/24 MP: 2/2
   503 | D:1      | Reached skill level 1 in Armour
   503 | D:1      | Reached XP level 3. HP: 3/29 MP: 3/3
  1334 | D:2      | Noticed Terence
  1646 | D:2      | Killed Terence
  1646 | D:2      | Gained mutation: You have sharp toenails. [demonic
                  | ancestry]
  1646 | D:2      | Reached XP level 4. HP: 37/37 MP: 4/4
  1708 | D:3      | Found an opulent altar of Gozag.
  1718 | D:3      | Became a worshipper of Gozag Ym Sagoz the Greedy
  1721 | D:3      | Noticed Sigmund
  1743 | D:3      | Killed Sigmund
  1743 | D:3      | Reached skill level 4 in Fighting
  1743 | D:3      | Gained mutation: You regenerate a little health from kills.
                  | [demonic ancestry]
  1743 | D:3      | Reached XP level 5. HP: 39/43 MP: 5/5
  1842 | D:3      | Found a stormy altar of Qazlal.
  1845 | D:3      | Gained mutation: You are partially covered in icy blue
                  | scales. (AC +2) [demonic ancestry]
  1845 | D:3      | Reached XP level 6. HP: 49/49 MP: 6/6
  1922 | D:3      | Noticed Grinder
  1934 | D:3      | HP: 2/49 [Grinder (6)]
  1934 | D:3      | Slain by Grinder

Illustrated notes

Levels and vault maps discovered:
D:1:      saegor_arrival_simple_d, layout_basic, serial_curves, eino_curves_01,
          eino_curves_02
D:2:      layout_basic, gammafunk_temple_overflow_statue,
          grunt_temple_overflow_open, first_ration,
          chequers_ecumenical_altar_twisty, uniq_terence
D:3:      layout_rooms, grunt_gozag_statues, lemuel_crystal_altar, uniq_grinder,
          uniq_sigmund

Skill      XL: |  1  2  3  4 |
---------------+-------------+-----
Dodging        | 2 3 |  3.4
Armour         | 1 2 |  2.4
Fighting       | 4 |  4.3
Shields        | 2 |  2.3
Stealth        | |  1.0
Summonings     | |  3.0

Action                   |  1- 3 |  4- 6 || total
-------------------------+-------+-------++-------
Melee: Spear             |    99 |       ||    99
       Dagger            |     2 |       ||     2
       Short sword       |       |    36 ||    36
       Kick              |       |    12 ||    12
  Use: Potion            |     2 |     1 ||     3
 Stab: Invisible         |     1 |       ||     1
  Eat: Chunk             |     2 |     1 ||     3
Armor: Ring mail         |    19 |     5 ||    24
Dodge: Dodged            |    28 |     4 ||    32
Block: Other             |     4 |       ||     4
       Kite shield       |    33 |    17 ||    50
       Reflection        |     1 |       ||     1
